Cogmind - Beta 16.1 @@@ ROGUE MODE // 2026.02.12 @ 21:01:25 Player: Guo Ning Result: Destroyed by G-34 Mercenary with Small Laser Performance ------------- Evolutions (0) 0 Regions Visited (4) 800 Robots Destroyed (16) 80 Value Destroyed (475) 475 Prototype IDs (37) 740 Alien Tech Used (0) 0 Bonus (300) 300 TOTAL SCORE: 2395 Bonus ------- Aligned with FarCom 300 Cogmind --------- Core Integrity 0/250 Matter 257/300 Energy 160/160 System Corruption 0% Temperature Cool (16) Movement Walking (120) Location -9/Mines Parts ------- > --- POWER (1) -------- Light Nuclear Core > --- PROPULSION (2) --- Aluminum Leg Improved Aluminum Leg > --- UTILITY (2) ------ Medium Storage Unit Targeting Computer > --- WEAPON (2) ------- Light Assault Rifle Light Assault Rifle > --- INVENTORY (10) --- Light Nuclear Core Light Treads Light Treads Small Storage Unit Signal Interpreter 0b10 Alert Chip Datajack Mining Laser Peak State ------------ > --- POWER ------------ Light Nuclear Core > --- PROPULSION ------- Improved Aluminum Leg Improved Aluminum Leg > --- UTILITY ---------- Small Storage Unit Targeting Computer > --- WEAPON ----------- Light Assault Rifle Light Assault Rifle > --- INVENTORY -------- Light Nuclear Core Light Treads Light Treads Aluminum Leg Signal Interpreter Light Assault Rifle Datajack Mining Laser [Rating: 12] Favorites ----------- Power Ion Engine Engine Ion Engine Power Core Light Nuclear Core Propulsion Improved Aluminum Leg Leg Improved Aluminum Leg Utility Targeting Computer Storage Small Storage Unit Processor Targeting Computer Weapon Light Assault Rifle Energy Gun Small Laser Ballistic Gun Light Assault Rifle Special Melee Weapon Datajack Build | -11 -10 -10 -10 -9 ------- Run | Yrd Mat Min Exi Min Slots Evolved . | . . . . . Power . | . . . . . Propulsion . | . . . . . Utility . | . . . . . Weapon . | . . . . . Parts Attached 22 | 6 12 1 2 1 Power 5 | 1 3 1 . . Engine 4 | 1 3 . . . Core 1 | . . 1 . . Reactor . | . . . . . Propulsion 7 | 2 4 . . 1 Treads . | . . . . . Leg 7 | 2 4 . . 1 Wheel . | . . . . . Hover . | . . . . . Flight . | . . . . . Utility 3 | 1 1 . 1 . Device . | . . . . . Storage 2 | 1 . . 1 . Processor 1 | . 1 . . . Hackware . | . . . . . Protection . | . . . . . Artifact . | . . . . . Weapon 7 | 2 4 . 1 . Energy Gun 2 | 2 . . . . Energy Cannon . | . . . . . Ballistic Gun 4 | . 4 . . . Ballistic Cannon . | . . . . . Launcher . | . . . . . Special Weapon . | . . . . . Impact Weapon . | . . . . . Slashing Weapon . | . . . . . Piercing Weapon . | . . . . . Special Melee Weapon 1 | . . . 1 . Unidentified Prototypes . | . . . . . Parts Lost 5 | . 4 . . 1 Power 1 | . 1 . . . Propulsion 3 | . 2 . . 1 Utility . | . . . . . Weapon 1 | . 1 . . . Highest Loss Streak 4 | . 4 . . 1 To Critical Strikes . | . . . . . Average Backups 7 | 2 6 7 8 8 Power 1 | . 1 1 1 1 Propulsion 2 | 1 3 2 3 2 Utility 1 | . . 1 2 3 Weapon 1 | . . 2 1 1 Tool/Special . | . . . . . Unused Backups 8 | . 3 . . 5 Power 2 | . 1 . . 1 Propulsion 3 | . 1 . . 2 Utility 2 | . . . . 2 Weapon 1 | . 1 . . . Tool/Special . | . . . . . Average Slot Usage (%) 99 | . 98 100 100 97 Engine 8 | . 13 12 . . Core 4 | . . 1 14 14 Leg 27 | . 28 28 28 25 Storage 14 | . 14 14 14 14 Processor 13 | . 13 14 14 14 Ballistic Gun 24 | . 27 28 18 16 Special Melee Weapon 2 | . . . 9 11 Peak Build Rating 12 | 6 10 12 12 12 Average Rating 9 | 4 8 10 12 11 On Entrance 7 | . 6 9 12 12 Avg Prop Armor Cover (%) . | . . . . . Naked Turns . | . . . . . Heaviest Build 17 | 13 13 12 17 17 Greatest Support 26 | 20 26 26 26 26 Greatest Overweight (x) 4 | 4 . . . 1 Average Overweight (x) . | 1 . . . . Largest Inventory Capacity 10 | 8 8 8 10 10 Average Capacity 8 | 6 8 8 8 10 Most Carried 9 | 4 8 8 9 9 Average Carried 7 | 3 6 7 8 8 Final Capacity 10 | 8 8 8 10 10 Final Carried 9 | 4 7 8 9 8 Class Distribution -------------------- 100% | Mutant Dominant Class ---------------- Mutant | -10/Materials Mutant | -10/Mines Mutant | -10/Exiles Mutant | -9/Mines Resources | -11 -10 -10 -10 -9 ----------- Run | Yrd Mat Min Exi Min Matter Collected 510 | 213 243 54 . . Remotely . | . . . . . Salvage Created 532 | . 433 99 . . Parts 42 | . 37 5 . . Haulers Intercepted . | . . . . . Recyclers Shooed . | . . . . . Parts Field Recycled . | . . . . . Retrieved Matter . | . . . . . Parts Self-Destructed . | . . . . . Prevented . | . . . . . Parts Restored . | . . . . . Kills | -11 -10 -10 -10 -9 ------- Run | Yrd Mat Min Exi Min Combat Hostiles Destroyed 14 | . 12 2 . . Guns 14 | . 12 2 . . Classes Destroyed 3 | . 3 . . . Operator 2 | . 2 . . . Swarmer 3 | . 3 . . . Grunt 11 | . 9 2 . . Best Kill Streak 4 | . 4 1 . . Combat Bots Only 4 | . 4 1 . . Max Kills in Single Turn 1 | . 1 1 . . Gunslinging . | . . . . . Exploded . | . . . . . Melee . | . . . . . Uniques/NPCs Destroyed . | . . . . . Combat | -11 -10 -10 -10 -9 -------- Run | Yrd Mat Min Exi Min Hostile Shots Fired 130 | . 90 14 . 26 Missed 32 | . 21 5 . 6 Hits 98 | . 69 9 . 20 Projectile 98 | . 69 9 . 20 Critical Strikes 1 | . . 1 . . Damage Taken 1127 | . 746 133 . 248 Core 253 | . 114 72 . 67 Absorbed by Shields . | . . . . . Core Remaining (%) 100 | 100 . . . . Volleys Fired 74 | . 58 12 . 4 Largest 2 | . 2 2 . 2 Hottest 40 | . 40 40 . 40 Shots Fired 148 | . 116 24 . 8 Gun 148 | . 116 24 . 8 Cannon . | . . . . . Launcher . | . . . . . Special . | . . . . . Kinetic 148 | . 116 24 . 8 Thermal . | . . . . . Explosive . | . . . . . Electromagnetic . | . . . . . Robot Hit Streak 24 | . 24 10 . 11 Robot Miss Streak 4 | . 4 2 . . Penetration Max . | . . . . . Secondary Targets 3 | . 3 . . . Max Gunslinging Chain 1 | . 1 . . . Shots Hit Robots 110 | . 79 16 7 8 Core Hits 46 | . 38 6 . 2 Critical Kills . | . . . . . Critical Parts Destroyed . | . . . . . Critical Strikes . | . . . . . Melee Attacks 8 | . . . 7 1 Impact . | . . . . . Slashing . | . . . . . Piercing . | . . . . . Sneak Attacks 7 | . . . 7 . Combat Hostiles . | . . . . . Follow-up Attacks . | . . . . . Damage Inflicted 823 | . 628 134 . 61 Guns 823 | . 628 134 . 61 Cannons . | . . . . . Explosions . | . . . . . Melee . | . . . . . Ramming . | . . . . . Kinetic 823 | . 628 134 . 61 Thermal . | . . . . . Explosive . | . . . . . Electromagnetic . | . . . . . Impact . | . . . . . Slashing . | . . . . . Piercing . | . . . . . Highest Corruption . | . . . . . Average Corruption . | . . . . . Corruption Purged . | . . . . . Corruption Blocked . | . . . . . Overload Shots . | . . . . . Overflow Damage . | . . . . . Projectiles . | . . . . . Explosions . | . . . . . Melee . | . . . . . Knockbacks . | . . . . . Impact . | . . . . . Kinetic . | . . . . . Secondary . | . . . . . Self-Inflicted Damage . | . . . . . Shots . | . . . . . Rammed . | . . . . . Targets Rammed . | . . . . . Kicked . | . . . . . Crushed . | . . . . . Highest Temperature 25 | . 25 9 . 14 Average Temperature 9 | . 9 8 . 8 Received Heat Transfer 540 | . 312 90 . 138 Siege Activations . | . . . . . Martial Activations . | . . . . . Shielding Activations . | . . . . . Robots Disrupted . | . . . . . Combat Hostiles . | . . . . . Robots Corrupted . | . . . . . Combat Hostiles . | . . . . . Parts Fried . | . . . . . Impact Corruptions . | . . . . . Robots Melted . | . . . . . Combat Hostiles . | . . . . . Parts Melted . | . . . . . Heat Transferred . | . . . . . Parts Sabotaged . | . . . . . Parts Stolen . | . . . . . Parts Stripped . | . . . . . Power Chain Reactions . | . . . . . Alert | -11 -10 -10 -10 -9 ------- Run | Yrd Mat Min Exi Min Maximum Alert Level . | . . . . . Low Security (%) 100 | 100 100 100 . 100 Level 1 . | . . . . . Level 2 . | . . . . . Level 3 . | . . . . . Level 4 . | . . . . . Level 5 . | . . . . . High Security . | . . . . . Max Security . | . . . . . Peak Influence 124 | . 124 30 . . Initial 21 | . . 21 . . Average 33 | . 53 4 . . Influence Increases 458 | . 408 50 . . Destroy 0b10 Robot/C 280 | . 240 40 . . Destroy 0b10 Robot/NC 10 | . 10 . . . Destroy Leader 70 | . 60 10 . . Successful Hack 23 | . 23 . . . Lose Combat Pursuer 75 | . 75 . . . Influence Decreases 458 | . 352 106 . . Entered New Map 35 | . . 35 . . Time Decay 383 | . 312 71 . . Lost Part 40 | . 40 . . . Squads Dispatched 3 | . 3 . . . Investigation 1 | . 1 . . . Extermination . | . . . . . Reinforcement 2 | . 2 . . . Assault . | . . . . . Garrison . | . . . . . Intercept . | . . . . . Searches Triggered . | . . . . . Construction Impeded . | . . . . . Haulers Reinforced . | . . . . . Active Scanning Responses . | . . . . . Cargo Convoy Interrupts . | . . . . . Stealth | -11 -10 -10 -10 -9 --------- Run | Yrd Mat Min Exi Min Distress Signals 1 | . 1 . . . Communications Jammed . | . . . . . Distress Signals . | . . . . . Times Spotted 32 | . 27 2 . 3 Peak Tracking Total 4 | . 4 2 . 3 Tactical Retreats 3 | . 3 . . . Traps | -11 -10 -10 -10 -9 ------- Run | Yrd Mat Min Exi Min Traps Triggered . | . . . . . Indirectly . | . . . . . Trap Hack Attempts . | . . . . . Triggered . | . . . . . Disarmed . | . . . . . Reprogrammed . | . . . . . Reused . | . . . . . Traps Extracted . | . . . . . Installed . | . . . . . Triggered . | . . . . . Machines | -11 -10 -10 -10 -9 ---------- Run | Yrd Mat Min Exi Min Machines Disabled . | . . . . . Max in Single Turn . | . . . . . Machines Repaired . | . . . . . Machines Dismantled . | . . . . . Machines Sabotaged . | . . . . . Overloaded Fab Kills . | . . . . . Hacking | -11 -10 -10 -10 -9 --------- Run | Yrd Mat Min Exi Min Machines Accessed 5 | . 3 . 2 . Terminals 3 | . 3 . . . Fabricators . | . . . . . Repair Stations . | . . . . . Recycling Units . | . . . . . Scanalyzers . | . . . . . Garrison Access . | . . . . . Total Hacks 13 | . 11 . 2 . Successful 6 | . 4 . 2 . Failed 7 | . 7 . . . Catastrophic . | . . . . . Database Lockouts . | . . . . . Manual 1 | . . . 1 . Terminals 11 | . 11 . . . Fabricators . | . . . . . Repair Stations . | . . . . . Recycling Units . | . . . . . Scanalyzers . | . . . . . Garrison Access . | . . . . . Terminal Hacks 6 | . 4 . 2 . Record 1 | . . . 1 . Branch Access Points 1 | . 1 . . . Locate Traps 1 | . 1 . . . Recall Investigation 1 | . 1 . . . Hauler Manifests 1 | . 1 . . . Proto ID Catalog 1 | . . . 1 . Fabricator Hacks . | . . . . . Repair Station Hacks . | . . . . . Recycling Unit Hacks . | . . . . . Scanalyzer . | . . . . . Garrison Access Hacks . | . . . . . Unauthorized Hacks . | . . . . . Terminals . | . . . . . Fabricators . | . . . . . Repair Stations . | . . . . . Recycling Units . | . . . . . Scanalyzers . | . . . . . Garrison Access . | . . . . . Data Cores Recovered . | . . . . . Used . | . . . . . Hacking Detections 3 | . 3 . . . Full Trace Events 1 | . 1 . . . Feedback Events . | . . . . . Feedback Blocked . | . . . . . Robot Schematics Acquired . | . . . . . Robots Built . | . . . . . Authchips . | . . . . . Time . | . . . . . Total Robot Build Rating . | . . . . . Part Schematics Acquired . | . . . . . Parts Built . | . . . . . Authchips . | . . . . . Time . | . . . . . Total Part Build Rating . | . . . . . Part Studies Acquired . | . . . . . Parts Repaired . | . . . . . Time . | . . . . . Parts Recycled . | . . . . . Recycled Matter . | . . . . . Retrieved Matter . | . . . . . Retrieved Components . | . . . . . Parts Scanalyzed . | . . . . . Part Schematics Acquired . | . . . . . Parts Damaged . | . . . . . Bothacking | -11 -10 -10 -10 -9 ------------ Run | Yrd Mat Min Exi Min Used RIF Installer . | . . . . . Robots Hacked 6 | . . . 6 . Non-combat 3 | . . . 3 . Combat 3 | . . . 3 . Robot Hacks Applied 6 | . . . 6 . parse_system 6 | . . . 6 . Relay Couplers Released . | . . . . . Fabnet Peak Effective % . | . . . . . Robots Rewired . | . . . . . Allies Hacked . | . . . . . Hacks Repelled . | . . . . . Allies | -11 -10 -10 -10 -9 -------- Run | Yrd Mat Min Exi Min Total Allies 2 | . . 2 . . Largest Group 2 | . . 2 1 . Highest-Rated Group 54 | . . 54 31 . Highest-Rated Ally 31 | . . 31 31 . Total Orders . | . . . . . Ally Attacks . | . . . . . Total Damage . | . . . . . Kills . | . . . . . Allies Corrupted . | . . . . . Allies Melted . | . . . . . Intel | -11 -10 -10 -10 -9 ------- Run | Yrd Mat Min Exi Min Active Infowar (turns) . | . . . . . Robot Analysis Total . | . . . . . Derelict Logs Recovered 1 | . . 1 . . Drone Launches . | . . . . . Drone Recoveries . | . . . . . Exploration | -11 -10 -10 -10 -9 ------------- Run | Yrd Mat Min Exi Min Turns Passed 1933 | 59 827 484 522 41 Spaces Moved 1365 | 33 520 374 422 16 Core 18 | 18 . . . . Treads . | . . . . . Legs 1347 | 15 520 374 422 16 Wheels . | . . . . . Hover . | . . . . . Flight . | . . . . . Fastest Speed 50 | 50 120 120 120 120 Average Speed 120 | 136 120 120 120 128 Slowest Speed 250 | 250 120 120 120 190 Overloaded Moves . | . . . . . Propulsion Burnouts . | . . . . . Robots Hopped . | . . . . . Potential Cave-ins . | . . . . . Cave-ins Triggered . | . . . . . Exploration Rate (%) 52 | 3 89 78 81 12 Regions Visited 4 Branch Regions 3 Pre-discovered Areas 1 | . . . 1 . Known Exits Taken 1 | . 1 . . . Unknown Exits Taken 3 | 1 . 1 1 . Scrap Searched . | . . . . . Spaces Dug . | . . . . . Terrain Destroyed . | . . . . . Melee . | . . . . . Projectile . | . . . . . AOE . | . . . . . Terrain Rammed . | . . . . . Walls Destroyed . | . . . . . Machines Disabled . | . . . . . Actions | -11 -10 -10 -10 -9 --------- Run | Yrd Mat Min Exi Min Total 1528 | 44 630 390 435 29 Wait 33 | 2 23 2 . 6 Move 1361 | 32 519 373 421 16 Hop . | . . . . . Pick Up 16 | 4 9 1 2 . Fast Attach 12 | 6 5 1 . . Attach 4 | . 3 . . 1 Detach . | . . . . . Swap 7 | . 4 . 2 1 Drop 12 | . 9 1 2 . Fire 74 | . 58 12 . 4 Melee 8 | . . . 7 1 Ram . | . . . . . Kick . | . . . . . Crush . | . . . . . Escape Stasis . | . . . . . Rewire 1 | . . . 1 . Trap . | . . . . . Miscellaneous . | . . . . . Route ------- -11/Scrapyard -10/Materials (discovered 4 exits: [*Mat x3] / *Min) -10/Mines (discovered 2 exits: [*Mat] / *Exi) -10/Exiles (discovered 2 exits: [*Min x2]) -9/Mines History --------- Turn | Location | Event 44 | -11/Scrapyard | Discovered new exit (range 12) 60 | -11/Scrapyard | Entered Materials 302 | -10/Materials | Build established: Mutant 401 | -10/Materials | Discovered new exit (range 9) 412 | -10/Materials | Identified exit to Mines 639 | -10/Materials | Discovered new exit (range 16) 724 | -10/Materials | Lost 4 parts (1p2n1w) 763 | -10/Materials | Discovered new exit (range 10) 887 | -10/Materials | Entered Mines 910 | -10/Mines | Assembled infested the area 982 | -10/Mines | Core integrity fell below 50% 1201 | -10/Mines | Discovered new exit (range 6) 1322 | -10/Mines | Discovered new exit (range 5) 1371 | -10/Mines | Entered Exiles 1371 | -10/Exiles | Accompanied by 1 ally 1387 | -10/Exiles | Discovered new exit (range 15) 1401 | -10/Exiles | Led the pair of lost Derelicts to a safe place 1401 | -10/Exiles | Met 8R-AWN 1421 | -10/Exiles | Met EX-HEX 1457 | -10/Exiles | Met EX-BIN 1473 | -10/Exiles | Aligned with FarCom system 1475 | -10/Exiles | Given EX-Vault access code 1502 | -10/Exiles | Opened EX-Vault 1512 | -10/Exiles | Found 0b10 Alert Chip 1537 | -10/Exiles | Warned to stay clear of 0b10 Research branches 1699 | -10/Exiles | Met EX-DEC 1752 | -10/Exiles | Visited The Gauntlet 1825 | -10/Exiles | Learned location of Zion (-6) 1880 | -10/Exiles | Discovered new exit (range 12) 1893 | -10/Exiles | Left Exiles lab with 0b10 Alert Chip 1893 | -10/Exiles | Entered Mines 1896 | -9/Mines | Core integrity fell below 20% 1934 | -9/Mines | Destroyed by G-34 Mercenary with Small Laser Last Messages --------------- Reading system data... New IDs: Hvy. Deuterium Engine Exp. Core Analyzer AWS/EX-DEC 5L-KAT: Stay back! I'm calibrating the thromdimbulator! 01767_ Sneak attack on 5L-KAT. 01767_ Jacked 5L-KAT... >>parse_system Reading system data... 01825_ Connecting with EX-Message Board... >>Record "MSG001714-01*" PINNED - TO ALL TESTERS: Stay away from Zion. Imprinter means us harm and is serious about it. World map updated: -6/Zion. 01880_ EXIT=FOUND LOCATION=UNKNOWN GOAL=ESCAPE 01893_ Receiving FarCom transmissions... 01899_ Imp. Aluminum Leg destroyed. Map ----- +----------------------------------------------------+ | ??????????????????????????????????????? | | ??????????????????????????????????????? | | ??????????????????????????????????????? | | ??????????????????????????????????????? | | ??????????????????????????????????????? | | ??????????????????????????????????????? | | ??????????????????????????????????????? | | ??????????????????????????????????????? | | ??????????????????????????????????????? | | ??????????????????????????????????????? | | ??????????????????????????????????????? | | ??????????????????????????????????????? | | ???????????????????????###????????????? | | ??????????????????????? ###??????????? | | ?????????????????????? ##?????????? | | ?????????????????????? ## ??????? | | ?????????????????????? ??????? | | ?????????????????????? ?????? | | ?????????????????????? ?????? | | ?????????????????????# #??????? | | ???????????????????## #???????? | | ????????????????#### #???????? | | ?????????????#### #???????? | | ?????????????# gg ## ???? | | ?????????????#g### #???? | | ?????????????#@#?## #????? | | ?????????????# #??## #?????? | | ?????????????# #???# # ##?????? | | ?????????????# #???# #? #??????? | | ?????????????# #???# #??# ????? | | ?????????????# #???# #???? ?????? | | ?????????????# #???# #?????? ?????? | | ?????????????# #??## ##??????????????? | | ?????????????# #?## ##?????????????? | | ???????????### ### #?????????????? | | ???????????# #?????????????? | | ???????????# #### ???????? | | ??????s?s???????## #??????? | | ???????s?????????########## #??????? | | ????????s??????????????????? ##??????? | | ?????????????????????????????##???????? | | ??????????????????????????????????????? | | ??????????????????????????????????????? | | ??????????????????????????????????????? | | ??????????????????????????????????????? | | ??????????????????????????????????????? | | ??????????????????????????????????????? | | | | | | | +----------------------------------------------------+ Best States ------------- Heat Dissipation 25 Energy Generation 14 Energy Capacity 250 Matter Stores 300 Matter Capacity 300 Sight Range 16 Terrain Scan Density 10 Evasion (%) 55 Targeting Accuracy 5 Item Schematics ----------------- None Robot Schematics ------------------ None Fabricated ------------ Nothing Repaired ---------- Nothing Studied --------- None Alien Tech Used ----------------- None Achievements -------------- None Challenges ------------ None Game ------ Seed LinkedIntegratedCalibrator Manual? 0 Play Time 00:17:50 Cumulative 46.2 hours Start 2026.02.12 @ 20:37:50 End 2026.02.12 @ 21:01:25 Sessions 1 Manual Loads 0 Difficulty Rogue Special Mode None Game No. 35 Rogue 35 Adventurer 0 Explorer 0 Win Type - Total 1 Types 1/0/0/0/0/0/0/0/0/0 Lore% 14 Gallery% 29 Achievement% 23 Wizard Run 0 Options --------- Layout 0 ASCII 0 Keyboard 0 Movement Mouse Keybinds 1 Fullscreen 2 Font 24/Smallcaps Map View 76x50 Zoom Use 0% Tactical HUD 1 Map Filters NONE Filters NONE Steam 1 RUN: 85c079c1-95e3-40c1-85cf-ea792f9086a8